 Dungeon Crawl Stone Soup version 0.24-a0-479-g9a978d2894 (webtiles) character file.

Game seed: 3452005107409107815

86090 Chimkentus the Blocker (level 15, -7/105 HPs)
             Began as an Octopode Fighter on June 30, 2019.
             Was an Elder of Uskayaw.
             Mangled by an emperor scorpion (9 damage)
             ... on level 1 of the Spider Nest on July 8, 2019.
             The game lasted 04:58:04 (35862 turns).

Chimkentus the Blocker (Octopode Fighter)          Turns: 35862, Time: 04:58:06

Health: -7/105     AC: -1    Str: 27    XL:     15   Next: 86%
Magic:  34/40      EV: 17    Int: 17    God:    Uskayaw [****..]
Gold:   174        SH: 13    Dex: 17    Spells: 4/24 levels left

rFire    + . .     SeeInvis +   b - +7 broad axe "Spiderslayer" {speed, *Slow rPois Str+4 Int+4}
rCold    + + +     Gourm    .   W - +0 shield of the Tormentor {Str+2}
rNeg     + . .     Faith    +   w - -2 hat of the Alchemist {rElec rPois rF+ rC+ rN+ MR+ rMut rCorr}
rPois    +         Spirit   .   x - amulet of faith
rElec    +         Reflect  .   J - ring of Haeh Boenki {Wiz rC++ MP+9}
rCorr    +         Harm     .   t - ring of stealth
rMut     +                      y - +5 ring of dexterity
MR       ++...                  h - ring of see invisible
Stlth    ++++++++..             X - +2 ring of intelligence
HPRegen  0.27/turn              C - ring of stealth
MPRegen  0.27/turn              f - ring of protection from cold (curse)
                                I - ring of magical power

@: no status effects
A: almost no armour, stealthy swim, amphibious, 8 rings, constrict 8, camouflage
1, gelatinous body 1
a: Stomp, Line Pass, Renounce Religion


You were on level 1 of the Spider Nest.
You worshipped Uskayaw.
Uskayaw was aware of your devotion.
You were hungry.

You visited 5 branches of the dungeon, and saw 26 of its levels.
You visited 1 bazaar.
You also visited: Volcano.

You collected 2293 gold pieces.
You spent 2119 gold pieces at shops.

Inventory:

Hand Weapons
 b - the +7 broad axe "Spiderslayer" (weapon) {speed, *Slow rPois Str+4 Int+4}
   (You bought it in a shop on level 2 of the Orcish Mines)

   Attacks with this weapon are significantly faster.
   It affects your strength (+4).
   It affects your intelligence (+4).
   It protects you from poison.
   It may slow you when you take damage.
 e - a +3 fustibalus of flaming
 Q - the +8 whip "Snakebite" {curare, rPois}
   (You found it on level 3 of the Lair of Beasts)

   It poisons the flesh of those it strikes.
   It protects you from poison.
 R - the +4 short sword of Fortitude {venom, rPois rN++ Str-3 Dex+6}
   (You bought it in a shop on level 2 of the Orcish Mines)

   It poisons the flesh of those it strikes.
   It affects your strength (-3).
   It affects your dexterity (+6).
   It protects you from poison.
   It greatly protects you from negative energy.
Missiles
 a - 4 silver boomerangs
 l - 187 sling bullets
 m - 16 poisoned darts
 q - 7 boomerangs (quivered)
 O - 3 curare-tipped darts
Armour
 w - the -2 hat of the Alchemist (worn) {rElec rPois rF+ rC+ rN+ MR+ rMut rCorr}
   (You found it on level 14 of the Dungeon)

   It protects you from fire.
   It protects you from cold.
   It insulates you from electricity.
   It protects you from poison.
   It protects you from negative energy.
   It affects your resistance to hostile enchantments.
   It provides partial protection from all sources of acid and corrosion.
   It protects you from mutation.
 S - a +2 hat
 W - the +0 shield of the Tormentor (worn) {Str+2}
   (You acquired it on level 5 of the Lair of Beasts)

   It affects your strength (+2).
Jewellery
 f - a cursed ring of protection from cold (on tentacle)
 h - a ring of see invisible (on tentacle)
 t - a ring of stealth (right tentacle)
 x - an amulet of faith (around mantle)
 y - a +5 ring of dexterity (on tentacle)
 z - an uncursed ring of protection from fire
 C - a ring of stealth (on tentacle)
 I - a ring of magical power (on tentacle)
 J - the ring of Haeh Boenki (left tentacle) {Wiz rC++ MP+9}
   (You acquired it on level 1 of the Spider Nest)

   [ring of wizardry]

   It improves your spell success rate.
   It greatly protects you from cold.
   It affects your magic capacity (+9).
 M - an uncursed amulet of the acrobat
 X - a +2 ring of intelligence (on tentacle)
Wands
 c - a wand of flame (10)
 o - a wand of iceblast (5)
 E - a wand of random effects (13)
 K - a wand of digging (5)
 L - a wand of paralysis (7)
 N - a wand of polymorph (8)
Scrolls
 k - a scroll of amnesia
 r - 5 scrolls of teleportation
 A - 5 scrolls of remove curse
 B - 2 scrolls of identify
 G - a scroll of summoning
 H - a scroll of fear
 Z - a scroll of fog
Potions
 g - a potion of haste
 j - a potion of cancellation
 p - 3 potions of resistance
 u - a potion of lignification
 v - 8 potions of curing
 D - 2 potions of heal wounds
 P - a potion of agility
Miscellaneous
 i - a lamp of fire
 n - a phial of floods (inert)
 V - a box of beasts
Comestibles
 d - 27 rations


   Skills:
 * Level 10.6 Fighting
 + Level 1.9(5.0) Short Blades
   Level 7.3(7.4) Long Blades
 + Level 6.3(7.3) Axes
 + Level 5.6(7.0) Maces & Flails
 + Level 3.4(6.0) Slings
 + Level 7.6(8.0) Throwing
 + Level 7.4 Dodging
 - Level 10.2 Stealth
 * Level 11.3 Shields
 + Level 5.2 Spellcasting
 + Level 3.3 Charms
 + Level 4.7 Summonings
 * Level 4.4 Translocations
 + Level 3.8 Air Magic
 * Level 10.6 Invocations
 + Level 9.8 Evocations


You had 4 spell levels left.
You knew the following spells:

 Your Spells              Type           Power        Failure   Level  Hunger
a - Call Canine Familiar  Summ           ###.....     4%          3    ###....
b - Summon Butterflies    Summ           ###.....     1%          1    None
c - Apportation           Tloc           ###...       1%          1    None
d - Lesser Beckoning      Tloc           ###.......   4%          3    ###....
e - Swiftness             Chrm/Air       ###.....     3%          2    #......
f - Passwall              Tmut/Erth      #.......     13%         2    #......
g - Passage of Golubria   Tloc           N/A          14%         4    ####...
h - Summon Lightning Spi  Summ/Air       ###.....     16%         4    ####...

Your spell library contained the following spells:

 Spells                   Type           Power        Failure   Level  Hunger
 Summon Small Mammal      Summ           ###.         1%          1    None
 Call Imp                 Summ           ###.....     1%          2    #......
 Summon Guardian Golem    Hex/Summ       ##......     10%         3    ###....
 Tukima's Dance           Hex            #.......     26%         3    ###....
 Summon Ice Beast         Ice/Summ       ##......     32%         4    ####...
 Alistair's Intoxication  Tmut/Pois      #.......     91%         5    ######.
 Lee's Rapid Deconstruct  Erth           #.........   91%         5    ######.
 Darkness                 Hex            #.........   100%        6    #######
 Invisibility             Hex            #.......     100%        6    #######


Dungeon Overview and Level Annotations

Branches:
Dungeon (15/15)            Temple (1/1) D:6            Lair (6/6) D:11
  Swamp (0/4) Lair:4       Spider (2/4) Lair:2        Slime (0/5) Lair:5
    Orc (2/2) D:12            Elf (0/3) Orc:2        Vaults (0/5) D:14
 Depths: D:15

Altars:
Ashenzari
Cheibriados
Dithmenos
Elyvilon
Fedhas
Gozag
Hepliaklqana
Kikubaaqudgha
Makhleb
Nemelex Xobeh
Okawaru
Qazlal
Ru
Sif Muna
Trog
Uskayaw
Vehumet
Wu Jian
Xom
Yredelemnul
Zin
The Shining One
Beogh
Jiyva
Lugonu

Shops:
D:9 [   D:12 :   D:14 !   Orc:2 =((*

Annotations:
Orc:1 2 transporters


Innate Abilities, Weirdness & Mutations

You cannot wear most types of armour.
You are very stealthy in the water. (Stealth+)
You are amphibious.
You can wear up to eight rings at the same time.
You can use your tentacles to constrict eight enemies at once.
Your skin changes colour to match your surroundings (Stealth+).
Your rubbery body absorbs attacks. (AC +1, EV +1)


Message History

* * * LOW HITPOINT WARNING * * *
Evoke which item? (* to show all) (? for menu, Esc to quit)
Aiming: Paralyse
Press: ? - help, Shift-Dir - straight line, f - emperor scorpion
Aim: an emperor scorpion (severely wounded, chance to defeat MR: 37%)
The emperor scorpion resists with some effort.
You block the jumping spider's attack. x2; The emperor scorpion stings you.
* * * LOW HITPOINT WARNING * * *
You block the emperor scorpion's attack.
The emperor scorpion claws you!
* * * LOW HITPOINT WARNING * * *
The jumping spider closely misses you. x2
You feel much better. The jumping spider pounces on you!
* * * LOW HITPOINT WARNING * * *
You block the jumping spider's attack. The emperor scorpion stings you.
* * * LOW HITPOINT WARNING * * *
The emperor scorpion claws you!
* * * LOW HITPOINT WARNING * * *
The emperor scorpion claws you!
You die...

#########....#.#...#.[#...#.#.
#..#..##...^#^.........#.....#
#...#.....##..####..#...#..#.#
#..#.....##.......##.#.^.##...
#.^.#.......#.........#..##.#.
##...^.#..#...#..##......>)...
##^....#.#^..#^...#..#.......
#.#....#.###s..##.......##..
##.#...(....@##....#.#....#..
#....#..#.(.#s.#....#..##....
#...#.....#.^.>.^#...#.###..#
##..#..#^.....##......[.# ####
#........##.##..#...#...##
##...#.###......#.###..#..##
##..#....#......#...#.......##
#.#....#..^...##.#...#.##.#..#
#.......#.#....#..#..#..#...###


You could see an emperor scorpion and a jumping spider.

Vanquished Creatures
  Aizul (Spider:1)
  An emperor scorpion (Spider:1)
  Josephine (Orc:1)
  3 hydras
  3 ogre magi (Orc:2)
  2 centaur warriors
  19 two-headed ogres
  A dancing weapon (D:14)
  2 tengu warriors (D:12)
  3 death yaks (D:11)
  Sonja (Lair:3)
  3 skeletal warriors (D:14)
  A flayed ghost (D:14)
  2 unseen horrors (D:14)
  A lindwurm (Volcano)
  An orc knight (Orc:2)
  A deep elf mage (D:13)
  8 ugly things
  4 oklob plants
  5 orb spiders
  2 wolf spiders (Spider:1)
  4 centaur zombies
  7 black mambas
  2 toenail golems (Volcano)
  12 elephants
  12 spiny frogs
  A molten gargoyle (Volcano)
  A water nymph (D:9)
  A demonic crawler (Spider:1)
  10 komodo dragons
  3 trolls
  4 jumping spiders
  A polar bear (Lair:5)
  A harpy skeleton (D:14)
  2 bog bodies (Lair:4)
  6 hippogriffs
  A centaur simulacrum (D:14)
  8 redbacks (Spider:1)
  A shapeshifter (D:11)
  18 orc warriors
  The ghost of temitten the Sneak, an amateur SpEn (D:4)
  8 tarantellas
  3 shadows
  3 basilisks
  2 fire elementals (Volcano)
  4 wraiths
  3 wyverns
  37 yaks
  Grum (D:8)
  5 vampire mosquitoes
  3 hungry ghosts
  A soldier ant (D:14)
  14 water moccasins
  4 wargs
  An acid dragon (D:14)
  2 hell hounds (Lair:1)
  A swamp drake (D:7)
  8 porcupines
  2 sky beasts
  4 black bears
  2 ice beasts
  2 necrophages
  An eye of draining (D:9)
  A phantom (D:7)
  A tengu (D:5)
  14 centaurs
  16 wolves
  36 ogres
  A boggart (D:6)
  10 crocodiles
  2 big kobolds
  Blork the orc (D:5)
  17 bullfrogs
  3 earth elementals (Volcano)
  4 scorpions
  7 killer bees (D:8)
  29 wights
  3 electric eels (Lair:4)
  3 howler monkeys
  4 crimson imps
  6 hounds
  A quasit (D:9)
  5 jellies
  19 orc wizards
  18 orc priests
  A bullfrog skeleton (D:10)
  3 centaur skeletons
  Ijyb (D:3)
  9 iguanas
  15 worker ants
  A hell rat (D:11)
  A hound skeleton (D:5)
  2 worker ant zombies (D:5)
  4 gnolls (D:3)
  A howler monkey skeleton (D:4)
  24 adders
  A river rat (D:11)
  2 shadow imps
  An ooze (D:3)
  2 adder skeletons (D:8)
  An adder zombie (D:8)
  2 worms (D:3)
  A dart slug (D:1)
  9 leopard geckos
  77 orcs
  3 ball pythons
  7 bats
  8 giant cockroaches
  8 goblins
  7 hobgoblins
  13 jackals
  15 kobolds
  5 quokkas
  A ball python zombie (D:6)
  10 frilled lizards
  A jackal skeleton (D:6)
  7 rats
  A butterfly (Lair:5)
  2 fire vortices (Volcano)
  2 plants
721 creatures vanquished.

Vanquished Creatures (collateral kills)
  Louise (Spider:1)
  A hydra (Lair:3)
  A dancing weapon (D:13)
  An ogre mage (Orc:2)
  An oklob plant (Lair:5)
  2 elephants (Lair:4)
  A spriggan (Lair:4)
  2 ogres (Orc:2)
  A wolf (Lair:4)
  2 orc priests (D:6)
  An iguana (D:9)
  An orc (D:9)
15 creatures vanquished.

Vanquished Creatures (others)
  A wolf spider (Spider:2)
  2 wights (D:11)
  An orc priest (D:10)
  2 orc wizards
  An adder (D:6)
  An orc (D:6)
  5 fungi
  8 plants
21 creatures vanquished.

Grand Total: 757 creatures vanquished

Notes
Turn   | Place    | Note
-------+----------+-------------------------------------------
     0 | D:1      | Chimkentus the Octopode Fighter began the quest for the
                  | Orb.
     0 | D:1      | Reached XP level 1. HP: 16/16 MP: 1/1
    69 | D:1      | Reached XP level 2. HP: 21/21 MP: 2/2
   195 | D:1      | Found a glowing golden altar of the Shining One.
   787 | D:2      | Reached XP level 3. HP: 20/26 MP: 3/3
   948 | D:2      | Found a stormy altar of Qazlal.
  1244 | D:2      | Reached XP level 4. HP: 33/33 MP: 4/4
  1977 | D:3      | Noticed Ijyb
  2001 | D:3      | Found a white marble altar of Elyvilon.
  2087 | D:3      | Reached skill level 1 in Stealth
  2385 | D:3      | Upgraded the game from 0.24-a0-459-g225fefd530 to
                  | 0.24-a0-462-ge24419a6ad
  2398 | D:2      | Reached XP level 5. HP: 3/37 MP: 5/5
  2707 | D:3      | Found a basalt altar of Yredelemnul.
  2797 | D:3      | Killed Ijyb
  2797 | D:3      | Reached skill level 1 in Throwing
  2797 | D:3      | Reached skill level 1 in Evocations
  2871 | D:3      | Reached skill level 4 in Shields
  3035 | D:3      | Reached XP level 6. HP: 38/43 MP: 7/7
  3270 | D:3      | Found a hide-covered altar of Uskayaw.
  3277 | D:3      | Became a worshipper of Uskayaw the Reveler
  3315 | D:4      | Reached * piety under Uskayaw
  3327 | D:4      | Found an opulent altar of Gozag.
  3452 | D:4      | Reached ** piety under Uskayaw
  3751 | D:4      | Reached skill level 1 in Invocations
  3836 | D:4      | Reached XP level 7. HP: 9/49 MP: 4/8
  4249 | D:4      | Found a large runed translucent door.
  4250 | D:4      | Found a large runed translucent door.
  4253 | D:4      | Noticed temitten's ghost (amateur SpEn)
  4433 | D:4      | Found a snail-covered altar of Cheibriados.
  4460 | D:5      | Entered Level 5 of the Dungeon
  5134 | D:5      | Found an ornate altar of the Wu Jian Council.
  5319 | D:5      | Reached XP level 8. HP: 46/54 MP: 10/10
  5325 | D:5      | Noticed Blork the orc
  5431 | D:5      | Noticed Eustachio
  5436 | D:5      | Noticed Eustachio
  5436 | D:5      | Eustachio changed into Eustachio the tengu
  5439 | D:5      | Killed Eustachio the tengu
  5575 | D:5      | Reached *** piety under Uskayaw
  5779 | D:6      | Found a staircase to the Ecumenical Temple.
  5869 | D:6      | Reached skill level 5 in Shields
  5938 | D:6      | Reached skill level 5 in Fighting
  6762 | Temple   | Entered the Ecumenical Temple
  6921 | D:6      | Found a bloodstained altar of Trog.
  7169 | D:7      | Found a stormy altar of Qazlal.
  7273 | D:7      | Reached skill level 5 in Long Blades
  7273 | D:7      | Reached XP level 9. HP: 43/61 MP: 10/12
  7350 | D:7      | Reached **** piety under Uskayaw
  7367 | D:7      | Reached skill level 5 in Stealth
  7431 | D:7      | Reached ***** piety under Uskayaw
  8478 | D:8      | Reached skill level 5 in Evocations
  8498 | D:8      | Noticed Grum
  8580 | D:8      | Killed Grum
  8581 | D:8      | Reached skill level 6 in Shields
  8581 | D:8      | Reached XP level 10. HP: 35/69 MP: 14/14
  9269 | D:8      | Reached skill level 5 in Invocations
  9637 | D:8      | Learned a level 2 spell: Call Imp
  9652 | D:8      | Found a shimmering altar of Xom.
  9936 | D:9      | Found Ceserhea's Armour Shoppe.
  9975 | D:9      | Noticed a two-headed ogre
 10518 | D:9      | Reached skill level 1 in Summonings
 10698 | D:9      | Noticed a two-headed ogre
 10701 | D:9      | Noticed a shock serpent
 10701 | D:9      | a two-headed ogre changed into a shock serpent
 10702 | D:9      | Noticed a water nymph
 10702 | D:9      | a shock serpent changed into a water nymph
 10716 | D:9      | Killed a water nymph
 10793 | D:9      | Reached skill level 7 in Shields
 10863 | D:9      | You fall into a shaft and drop 1 floor!
 10863 | D:10     | Entered Level 10 of the Dungeon
 11002 | D:10     | Reached skill level 5 in Throwing
 11180 | D:9      | Upgraded the game from 0.24-a0-462-ge24419a6ad to
                  | 0.24-a0-464-g6b2be6b8c7
 11203 | D:9      | Killed a two-headed ogre
 11203 | D:9      | Reached XP level 11. HP: 57/75 MP: 15/15
 11496 | D:9      | Found a shadowy altar of Dithmenos.
 11640 | D:9      | Found a sacrificial altar of Ru.
 11640 | D:9      | Found a hide-covered altar of Uskayaw.
 12081 | D:11     | Found a staircase to the Lair.
 12081 | D:11     | Noticed a death yak
 12081 | D:11     | Noticed a death yak
 12081 | D:11     | Noticed a death yak
 12377 | D:11     | Learned a level 1 spell: Summon Butterflies
 12379 | D:11     | Learned a level 1 spell: Apportation
 12513 | D:11     | Noticed a two-headed ogre
 12518 | D:11     | Killed a two-headed ogre
 12816 | D:11     | Killed a death yak
 13118 | D:11     | Reached skill level 5 in Dodging
 13574 | Lair:1   | Entered Level 1 of the Lair of Beasts
 13597 | Lair:1   | Reached skill level 1 in Axes
 13639 | Lair:1   | Found a dark tunnel.
 13648 | Volcano  | Entered a volcano
 14024 | Volcano  | Noticed a lindwurm
 14024 | Volcano  | Noticed a lindwurm
 14420 | Volcano  | Killed a lindwurm
 14420 | Volcano  | Reached skill level 8 in Shields
 14420 | Volcano  | Reached XP level 12. HP: 73/82 MP: 17/17
 14428 | Volcano  | Learned a level 3 spell: Call Canine Familiar
 14432 | Volcano  | Learned a level 3 spell: Lesser Beckoning
 16138 | Lair:1   | Reached skill level 1 in Translocations
 16450 | Lair:1   | Reached skill level 1 in Slings
 17709 | D:12     | Found a staircase to the Orcish Mines.
 17894 | D:12     | Noticed a tengu warrior
 17896 | D:12     | Noticed a tengu warrior
 17903 | D:12     | Killed a tengu warrior
 17913 | D:12     | HP: 3/84 [tengu warrior/+0 great sword[a tengu warrior]
                  | (8)]
 17914 | D:12     | HP: 1/84 [tengu warrior/+0 great sword[a tengu warrior]
                  | (12)]
 18282 | D:12     | Killed a tengu warrior
 18756 | D:12     | Reached ****** piety under Uskayaw
 18837 | D:12     | Found Qezun's Book Boutique.
 18961 | D:13     | Found a frozen archway.
 18961 | D:13     | Noticed a two-headed ogre
 19415 | D:11     | Killed a death yak
 19569 | D:11     | Killed a death yak
 19881 | Lair:1   | Reached skill level 9 in Shields
 20131 | Lair:1   | Reached XP level 13. HP: 83/90 MP: 11/18
 20239 | Lair:2   | Found a hole to the Spider Nest.
 20451 | Lair:2   | Reached skill level 1 in Spellcasting
 21216 | Lair:2   | Reached skill level 5 in Axes
 21970 | Lair:3   | Found a sacrificial altar of Ru.
 22181 | Lair:3   | Noticed Sonja
 22187 | Lair:3   | Killed Sonja
 22187 | Lair:3   | Reached skill level 1 in Short Blades
 22400 | Lair:3   | Reached skill level 10 in Stealth
 22706 | Lair:3   | Found the +8 whip "Snakebite" {curare, rPois}
 22969 | Lair:3   | Upgraded the game from 0.24-a0-464-g6b2be6b8c7 to
                  | 0.24-a0-474-g47c397e050
 23012 | Lair:4   | Found a deep blue altar of Sif Muna.
 23142 | Lair:4   | Found a staircase to the Swamp.
 23639 | Lair:5   | Identified a scroll of acquirement
 23641 | Lair:5   | Got a faintly humming shield
 23652 | Lair:5   | Identified the +0 shield of the Tormentor {Str+2} (You
                  | acquired it on level 5 of the Lair of Beasts)
 23756 | Lair:5   | Found a viscous altar of Jiyva.
 23757 | Lair:5   | Found a staircase to the Slime Pits.
 23893 | Lair:5   | Reached skill level 1 in Maces & Flails
 24460 | Lair:6   | Entered Level 6 of the Lair of Beasts
 24672 | Lair:5   | Reached XP level 14. HP: 84/98 MP: 20/20
 24848 | Lair:4   | Reached skill level 10 in Shields
 26918 | D:13     | Reached skill level 10 in Fighting
 27164 | D:12     | Bought a book of Burglary for 900 gold pieces
 27167 | D:12     | Learned a level 2 spell: Swiftness
 27170 | D:12     | Learned a level 2 spell: Passwall
 27175 | D:12     | Learned a level 4 spell: Passage of Golubria
 27229 | Orc:1    | Entered Level 1 of the Orcish Mines
 27317 | Orc:1    | Found a transporter.
 27319 | Orc:1    | Found a transporter.
 27323 | Orc:1    | Found a roughly hewn altar of Beogh.
 27344 | Orc:2    | Entered Level 2 of the Orcish Mines
 27353 | Orc:2    | Found a flickering gateway to a bazaar.
 27358 | Bazaar   | Entered a bazaar
 27372 | Bazaar   | Found Idis Omu's Weapon Emporium.
 27395 | Bazaar   | Found Tenefof's Antique Weapon Shoppe.
 27395 | Bazaar   | Found Fiusaz's General Store.
 27417 | Bazaar   | Found Siosedo's Book Shoppe.
 27836 | Orc:2    | Found a staircase to the Elven Halls.
 27995 | Orc:2    | Found Tiadatib's Jewellery Emporium.
 27995 | Orc:2    | Found Egocuerch's Antique Weapon Shop.
 27995 | Orc:2    | Found Leongutt's Weapon Shop.
 27995 | Orc:2    | Found Gugong's Assorted Antiques.
 27996 | Orc:2    | Upgraded the game from 0.24-a0-474-g47c397e050 to
                  | 0.24-a0-479-g9a978d2894
 28005 | Orc:2    | Reached skill level 1 in Air Magic
 28022 | Orc:1    | Noticed Josephine
 28399 | Orc:1    | Killed Josephine
 28901 | Orc:2    | Reached skill level 1 in Charms
 29140 | Orc:2    | Reached skill level 5 in Spellcasting
 29658 | Orc:2    | Reached XP level 15. HP: 87/103 MP: 22/22
 29674 | Orc:2    | Reached skill level 10 in Invocations
 30068 | Orc:2    | Bought a smoking broad axe for 324 gold pieces
 30072 | Orc:2    | Bought a glowing opal ring for 125 gold pieces
 30073 | Orc:2    | Bought the +4 short sword of Fortitude {venom, rPois rN++
                  | Str-3 Dex+6} for 670 gold pieces
 30073 | Orc:2    | Identified the +7 broad axe "Spiderslayer" {speed, *Slow
                  | rPois Str+4 Int+4} (You bought it in a shop on level 2 of
                  | the Orcish Mines)
 30075 | Orc:2    | Bought a bone wand for 100 gold pieces
 30756 | D:13     | Reached skill level 5 in Maces & Flails
 31220 | D:14     | Reached skill level 11 in Shields
 31453 | D:14     | Found a gate to the Vaults.
 31816 | D:14     | Found a sacrificial altar of Ru.
 32467 | D:14     | Found Kaattuhu's Distillery.
 32487 | D:14     | Found the -2 hat of the Alchemist {rElec rPois rF+ rC+ rN+
                  | MR+ rMut rCorr}
 32546 | D:15     | Entered Level 15 of the Dungeon
 33577 | D:5      | Killed Blork the orc
 33661 | D:4      | Killed temitten's ghost
 33880 | Spider:1 | Entered Level 1 of the Spider Nest
 33941 | Spider:1 | Noticed Aizul
 33954 | Spider:1 | Killed Aizul
 34603 | Spider:1 | Got an ancient wooden ring
 34605 | Spider:1 | Identified the ring of Haeh Boenki {Wiz rC++ MP+9} (You
                  | acquired it on level 1 of the Spider Nest)
 34611 | Spider:1 | Learned a level 4 spell: Summon Lightning Spire
 34768 | Spider:1 | Noticed an emperor scorpion
 34783 | Spider:1 | HP: 5/105 [emperor scorpion (12)]
 34785 | Spider:1 | Killed an emperor scorpion
 35257 | Spider:1 | Noticed Louise
 35266 | Spider:1 | Killed Louise
 35622 | Spider:2 | Noticed an emperor scorpion
 35862 | Spider:1 | HP: 2/105 [emperor scorpion (12)]
 35862 | Spider:1 | Mangled by an emperor scorpion

Levels and vault maps discovered:
D:1:      giann_horns, layout_loops_ring, tso_metal_star
D:2:      layout_basic, grunt_qazlal_sundering
D:3:      lemuel_upstairs_altar, layout_basic, kennysheep_ying_yang,
          st_stairs_9, minmay_lizard_king, uniq_ijyb
D:4:      layout_loops_ring, nicolae_gozag_cash_rules_everything_around_me,
          kennysheep_mini, ebering_ghost_disaster_area, minmay_snake_closets
D:5:      layout_basic, lemuel_round_altar, first_ration, uniq_eustachio,
          uniq_blork_the_orc
D:6:      layout_rooms, lightli_temple_of_fire, temple_statues
D:7:      layout_basic, old_standard_altar
D:8:      layout_loops_corners, overflow_temple_1_default, uniq_grum
D:9:      layout_basic, overflow_temple_1_default,
          gammafunk_temple_overflow_elements, serial_shops, nicolae_shop_trees
D:10:     layout_roguey
D:11:     layout_roguey, dpeg_lair_monsters, grunt_ogre_cave
D:12:     layout_roguey, erik_orc_3, serial_shops, shop, st_stairs_1
D:13:     layout_loops_cross, gauntlet_entry_generic,
          portal_ice_cave_entry_pillars_1
D:14:     kennysheep_blocky_room, layout_loops_ring, erik_vaults_1,
          minmay_misc_feat_encased, serial_shops, nicolae_shop_trees,
          nicolae_ru_awakened_eye
D:15:     grunt_enter_depths_snipers, layout_irregular_city, moated_statue,
          st_stairs_4, grunt_decor_one_mirror, uniq_nessos
Temple:   kb_corrupted_temple
Lair:1:   layout_regular_city, enter_volcano_3
Lair:2:   beast_lair_carwin_large_3, layout_loops_ring,
          nicolae_spider_entry_non_spiders
Lair:3:   minmay_guarded_unrand_snakebite, layout_chaotic_city,
          lemuel_oklob_altar, uniq_sonja
Lair:4:   layout_small_grid, skrybe_swamp_entry_bodies, basic_altar,
          grunt_forest_large_clearing_hut, grunt_megastairs_2,
          serial_bayou_shore_a, lemuel_fruit_fields, serial_bayou_shore_b
Lair:5:   layout_roguey, dpeg_slime_entry_enclosed_altar, lemuel_fruit_fields,
          minmay_lair_oklob_chamber
Lair:6:   minmay_lair_end_frog_pond, layout_hall_layers, lemuel_fruit_tree
Spider:1: layout_spider_delve, drop_trap, uniq_aizul, uniq_louise
Spider:2: layout_spider_delve
Orc:1:    gammafunk_beogh_shrine, layout_diamond_mine, uniq_josephine
Orc:2:    st_orc_ogre_mass, layout_diamond_mine, serial_shops, bzr_entry_road

Skill      XL: |  1  2  3  4  5  6  7  8  9 10 11 12 13 14 15 |
---------------+----------------------------------------------+-----
Fighting       | 4 5 6 7 8 9 10 | 10.6
Stealth        | 1 2 3 4 6 7 8 9 10 | 10.2
Throwing       | 1 2 3 5 6 7 |  7.6
Evocations     | 1 2 3 4 5 6 7 8 9 |  9.8
Shields        | 4 5 6 7 8 9 10 11 | 11.3
Invocations    | 1 2 3 4 5 6 7 9 10 | 10.6
Long Blades    | 3 4 5 6 7 |  7.3
Dodging        | 4 5 6 7 |  7.4
Summonings     | 2 4 |  4.7
Axes           | 2 4 5 6 |  6.3
Translocations | 3 4 |  4.4
Slings         | 2 3 |  3.4
Spellcasting   | 3 5 |  5.2
Short Blades   | 1 |  1.9
Maces & Flails | 1 4 5 |  5.6
Air Magic      | 2 3 |  3.8
Charms         | 2 3 |  3.3

Action                   |  1- 3 |  4- 6 |  7- 9 | 10-12 | 13-15 || total
-------------------------+-------+-------+-------+-------+-------++-------
Melee: Long sword        |    52 |   104 |   170 |   266 |    28 ||   620
       Constrict         |    15 |    29 |    45 |    88 |    99 ||   276
       Tentacles         |    11 |    26 |    57 |   175 |   272 ||   541
       Dagger            |     2 |     1 |    19 |    39 |    40 ||   101
       Unarmed           |       |     1 |       |       |       ||     1
       War axe           |       |       |       |   278 |    74 ||   352
       Whip              |       |       |       |       |   499 ||   499
       Broad axe         |       |       |       |       |    98 ||    98
       Short sword       |       |       |       |       |    56 ||    56
 Fire: Fustibalus        |       |       |       |    32 |    35 ||    67
Throw: Dart              |     4 |    42 |    45 |    39 |    80 ||   210
       Boomerang         |       |    11 |    22 |   192 |   110 ||   335
       Stone             |       |     5 |     2 |       |       ||     7
       Throwing net      |       |       |       |     1 |       ||     1
 Cast: Call Canine Famil |       |       |       |     4 |    13 ||    17
       Summon Butterflie |       |       |       |     1 |       ||     1
       Lesser Beckoning  |       |       |       |       |     8 ||     8
       Apportation       |       |       |       |       |     4 ||     4
       Summon Lightning  |       |       |       |       |     4 ||     4
       Passage of Golubr |       |       |       |       |     1 ||     1
Invok: Stomp             |       |     1 |       |    27 |    15 ||    43
       Line Pass         |       |       |     1 |    18 |    22 ||    41
       Grand Finale      |       |       |       |     1 |       ||     1
Evoke: Wand              |       |     3 |    14 |    35 |    50 ||   102
       Lamp of fire      |       |       |       |       |     4 ||     4
       Phial of floods   |       |       |       |       |     4 ||     4
       Box of beasts     |       |       |       |       |     2 ||     2
       Sack of spiders   |       |       |       |       |     1 ||     1
  Use: Scroll            |       |     3 |    10 |    16 |    21 ||    50
       Potion            |       |     2 |     1 |     8 |     6 ||    17
 Stab: Sleeping          |     4 |    15 |    13 |    24 |    54 ||   110
       Paralysed         |       |       |     6 |    48 |    54 ||   108
       Confused          |       |       |     1 |     4 |     7 ||    12
       Held in net/web   |       |       |       |     2 |       ||     2
       Distracted        |       |       |       |     1 |     3 ||     4
  Eat: Chunk             |     1 |     8 |    14 |    38 |    51 ||   112
       Ration            |       |       |     1 |     4 |     3 ||     8
Armor: Skin              |     5 |     3 |     7 |    21 |    24 ||    60
Dodge: Dodged            |    29 |    46 |    81 |   246 |   325 ||   727
Block: Shield            |    22 |    39 |    86 |   331 |   410 ||   888
       Rpst.: Long sword |    17 |     8 |    20 |    31 |     3 ||    79

Table legend:
 A = Non-vault XP
 B = Vault XP
 C = Vault XP percentage of total XP
 D = Non-vault monster count
 E = Vault monster count
 F = Vault count percentage of total count
                 A         B        C        D         E       F
            +---------+---------+-------+---------+---------+-------
      Total |   72817 |   50169 |  40.8 |     551 |     181 |  24.7
            +---------+---------+-------+---------+---------+-------
        D:1 |      29 |       0 |   0.0 |      18 |       0 |   0.0
        D:2 |      74 |       0 |   0.0 |      16 |       0 |   0.0
        D:3 |     175 |      62 |  26.2 |      28 |      10 |  26.3
        D:4 |     372 |     347 |  48.3 |      11 |      13 |  54.2
        D:5 |     489 |     215 |  30.5 |      27 |       2 |   6.9
        D:6 |     781 |       0 |   0.0 |      20 |       0 |   0.0
        D:7 |    1365 |       0 |   0.0 |      20 |       0 |   0.0
        D:8 |    1899 |     650 |  25.5 |      45 |       5 |  10.0
        D:9 |    3538 |       0 |   0.0 |      42 |       0 |   0.0
       D:10 |    1701 |       0 |   0.0 |      21 |       0 |   0.0
       D:11 |    2137 |    3727 |  63.6 |      29 |      12 |  29.3
       D:12 |    6404 |     941 |  12.8 |      41 |      14 |  25.5
       D:13 |    6456 |     592 |   8.4 |      32 |       1 |   3.0
       D:14 |   10570 |    3928 |  27.1 |      41 |       9 |  18.0
     Lair:1 |    4370 |     293 |   6.3 |      21 |       2 |   8.7
     Lair:2 |    4187 |    1961 |  31.9 |      22 |      19 |  46.3
     Lair:3 |    3119 |    3558 |  53.3 |      11 |      11 |  50.0
     Lair:4 |    5983 |    3853 |  39.2 |      19 |      13 |  40.6
     Lair:5 |    4155 |    4052 |  49.4 |      17 |      10 |  37.0
     Lair:6 |    1404 |     177 |  11.2 |       5 |       1 |  16.7
   Spider:1 |    7576 |    2509 |  24.9 |      22 |       2 |   8.3
   Spider:2 |    3121 |       0 |   0.0 |       8 |       0 |   0.0
      Orc:1 |     277 |    1573 |  85.0 |       2 |       4 |  66.7
      Orc:2 |    2635 |   18968 |  87.8 |      33 |      44 |  57.1
    Volcano |       0 |    2763 | 100.0 |       0 |       9 | 100.0
            +---------+---------+-------+---------+---------+-------
